 Dungeon Crawl Stone Soup version 0.27.1-2-g3b301248ec (webtiles) character file.

Game seed: 5892425563778683767

177 Crownlay the Chiller (level 5, -4/37 HPs)
             Began as a Gnoll Ice Elementalist on Sept 25, 2021.
             Slain by Sigmund (13 damage)
             ... on level 3 of the Dungeon.
             The game lasted 00:04:12 (2955 turns).

Crownlay the Chiller (Gnoll Ice Elementalist)       Turns: 2955, Time: 00:04:13

Health: -4/37      AC: 11    Str:  8    XL:     5   Next: 57%
Magic:  3/12       EV: 13    Int: 15    God:
Gold:   153        SH:  0    Dex: 12    Spells: 7/14 levels left

rFire    . . .     SeeInvis .   k - +2 whip (pain)
rCold    . . .     Faith    .   (no shield)
rNeg     . . .     Spirit   .   q - +0 robe {Archmagi}
rPois    .         Reflect  .   (no helmet)
rElec    .         Harm     .   (no cloak)
rCorr    .         Rampage  .   (no gloves)
Will     .....     Archmagi +   c - +0 pair of boots
Stlth    +++.......             (no amulet)
HPRegen  0.12/turn              (no ring)
MPRegen  0.13/turn              (no ring)

@: ice-armoured, freezing walls
A: fangs 1, strong nose, distributed training
a: no special abilities


You were on level 3 of the Dungeon.
You visited 1 branch of the dungeon, and saw 3 of its levels.

You collected 153 gold pieces.

Inventory:

Hand Weapons
 k - a +2 whip of pain (weapon)
Missiles
 h - 2 throwing nets
 l - 4 curare-tipped darts
Armour
 a - a +0 buckler
 c - a +0 pair of boots (worn)
 q - a +0 robe of the Archmagi (worn)
Scrolls
 b - 7 scrolls of identify {unknown}
 d - a scroll of blinking {unknown}
 e - a scroll of teleportation {unknown}
 m - a scroll of magic mapping {unknown}
 n - a scroll of amnesia {unknown}
 o - a scroll of enchant armour {unknown}
 p - 3 scrolls of noise {unknown}
 r - a scroll of enchant weapon {unknown}
Potions
 f - 3 potions of curing {unknown}
 g - 2 potions of brilliance {unknown}
 i - a potion of resistance {unknown}
 j - 2 potions of heal wounds {unknown}


   Skills:
 + Level 1.5 Fighting
 + Level 1.5 Short Blades
 + Level 1.5 Long Blades
 + Level 1.5 Axes
 + Level 1.5 Maces & Flails
 + Level 1.5 Polearms
 + Level 1.5 Staves
 + Level 1.5 Slings
 + Level 1.5 Bows
 + Level 1.5 Crossbows
 + Level 1.5 Throwing
 + Level 1.5 Armour
 + Level 4.8 Dodging
 + Level 4.4 Stealth
 + Level 1.5 Shields
 + Level 1.5 Unarmed Combat
 + Level 5.2 Spellcasting
 + Level 1.2 Conjurations
 + Level 1.2 Hexes
 + Level 1.2 Summonings
 + Level 1.2 Necromancy
 + Level 1.2 Translocations
 + Level 1.2 Transmutations
 + Level 1.2 Fire Magic
 + Level 7.2 Ice Magic
 + Level 1.2 Air Magic
 + Level 1.2 Earth Magic
 + Level 1.2 Poison Magic
 + Level 1.7 Invocations
 + Level 1.5 Evocations


You had 7 spell levels left.
You knew the following spells:

 Your Spells              Type           Power      Damage    Failure   Level
a - Freeze                Ice            100%       1d11      1%          1
b - Frozen Ramparts       Ice            76%        1d9       2%          3
c - Ozocubu's Armour      Ice            38%        N/A       2%          3

Your spell library contained the following spells:

 Spells                   Type           Power      Damage    Failure   Level
 Magic Dart               Conj           44%        1d5       10%         1
 Shock                    Conj/Air       44%        1d5       10%         1
 Call Imp                 Summ           11%        N/A       14%         2
 Mephitic Cloud           Conj/Pois/Air  11%        N/A       28%         3
 Swiftness                Air            11%        N/A       28%         3
 Hailstorm                Conj/Ice       24%        3d7       28%         4
 Airstrike                Air            5%         N/A       67%         4


Dungeon Overview and Level Annotations

Branches:
Dungeon (3/15)

Altars:
Cheibriados

Annotations:
D:3 Sigmund


Innate Abilities, Weirdness & Mutations

You have very sharp teeth.
Your uncanny sense of smell can sniff out nearby items.
Your experience applies equally to all skills.


Message History

Deactivating autopickup; reactivate with Ctrl-A.
The orc wizard hits you with a +0 dagger.
You bump into the rock wall.
The orc wizard hits you but does no damage.
An orc wizard comes into view. It is wielding a +3 dagger of venom.
The orc wizard shouts!
You hit the orc wizard but do no damage.
Your bite misses the orc wizard.
The orc wizard is heavily wounded.
Something barely misses you.
The orc wizard hits you with a +0 dagger.
You bump into the rock wall.
The orc wizard closely misses you.
An orc comes into view. It is wielding a +0 club.
Something hits you!
You bump into the rock wall.
You feel less confused.
The orc wizard points at you and mumbles some strange words.
You resist with some effort.
Casting: Freeze (safe; 1% risk of failure)
Confirm with . or Enter, or press ? or * to list all spells.
Casting: Frozen Ramparts (dangerous; 2% risk of failure)
Press: ? - help, Dir - look around, f - activate You feel a surge of power!
The walls around you are covered in ice.
The wall freezes something!
Something hits you!
* * * LOW HITPOINT WARNING * * *
The wall freezes the orc wizard!
You kill the orc wizard!
The wall freezes the orc wizard!
Casting: Frozen Ramparts (dangerous; 2% risk of failure)
Confirm with . or Enter, or press ? or * to list all spells.
You feel a surge of power! A film of ice covers your body!
The wall freezes the orc.
The wall freezes the orc wizard.
The wall freezes something.
You hear some strange, mumbled words.
Something tries to affect you, but you resist.
The wall freezes the orc wizard!
You kill the orc wizard!
The wall freezes something.
Something hits you!
You die...

#.# #.# #.#
#.# #.###.#
#.#...#
#.#.### ###
#.#.# o)#
#.#.# #.#
#.#.# #)#
#.#.# #@#
#.#.#######.##
#.#..........#
#.############
#.# #.# #.#
#.# ######.#


You could see an orc.

Vanquished Creatures
  A hound (D:2)
  2 orc wizards (D:3)
  4 gnolls (D:2)
  3 adders
  2 worms (D:2)
  2 dart slugs
  2 orcs (D:3)
  2 ball pythons (D:3)
  4 endoplasms
  3 goblins
  4 hobgoblins
  4 kobolds (D:2)
  2 quokkas
  8 bats
  3 frilled lizards
  7 rats
53 creatures vanquished.

Notes
Turn   | Place    | Note
-------+----------+-------------------------------------------
     0 | D:1      | Crownlay the Gnoll Ice Elementalist began the quest for the
                  | Orb.
     0 | D:1      | Reached XP level 1. HP: 13/13 MP: 6/6
   237 | D:1      | Reached XP level 2. HP: 19/19 MP: 5/7
   856 | D:2      | Reached XP level 3. HP: 25/25 MP: 7/9
   862 | D:1      | Learned a level 3 spell: Frozen Ramparts
   866 | D:1      | Learned a level 3 spell: Ozocubu's Armour
   880 | D:2      | Reached skill level 5 in Spellcasting
   880 | D:2      | Reached skill level 1 in Invocations
   909 | D:2      | Reached skill level 1 in Fighting
   909 | D:2      | Reached skill level 1 in Short Blades
   909 | D:2      | Reached skill level 1 in Long Blades
   909 | D:2      | Reached skill level 1 in Axes
   909 | D:2      | Reached skill level 1 in Maces & Flails
   909 | D:2      | Reached skill level 1 in Polearms
   909 | D:2      | Reached skill level 1 in Staves
   909 | D:2      | Reached skill level 1 in Slings
   909 | D:2      | Reached skill level 1 in Bows
   909 | D:2      | Reached skill level 1 in Crossbows
   909 | D:2      | Reached skill level 1 in Throwing
   909 | D:2      | Reached skill level 1 in Armour
   909 | D:2      | Reached skill level 1 in Shields
   909 | D:2      | Reached skill level 1 in Unarmed Combat
   909 | D:2      | Reached skill level 1 in Evocations
   911 | D:2      | Reached XP level 4. HP: 12/32 MP: 1/11
  1221 | D:2      | Reached skill level 1 in Conjurations
  1221 | D:2      | Reached skill level 1 in Hexes
  1221 | D:2      | Reached skill level 1 in Summonings
  1221 | D:2      | Reached skill level 1 in Necromancy
  1221 | D:2      | Reached skill level 1 in Translocations
  1221 | D:2      | Reached skill level 1 in Transmutations
  1221 | D:2      | Reached skill level 1 in Fire Magic
  1221 | D:2      | Reached skill level 1 in Air Magic
  1221 | D:2      | Reached skill level 1 in Earth Magic
  1221 | D:2      | Reached skill level 1 in Poison Magic
  1408 | D:2      | Found a faded altar of an unknown god.
  2036 | D:3      | Reached XP level 5. HP: 29/37 MP: 9/12
  2135 | D:3      | Found a snail-covered altar of Cheibriados.
  2947 | D:3      | Noticed Sigmund
  2955 | D:3      | Slain by Sigmund

Illustrated notes

Levels and vault maps discovered:
D:1:      scummos_arrival_gate, layout_rooms
D:2:      layout_rooms, hellmonk_ecumenical_altar_inner_sanctum,
          minmay_misc_feat_nine_boxes, eino_tiny_chamber, minmay_octomino_j4
D:3:      layout_basic, kennysheep_slug_shrine, uniq_sigmund

Skill      XL: |  1  2  3  4 |
---------------+-------------+-----
Spellcasting   | 5 |  5.2
Invocations    | 1 |  1.7
Fighting       | 1 |  1.5
Short Blades   | 1 |  1.5
Long Blades    | 1 |  1.5
Axes           | 1 |  1.5
Maces & Flails | 1 |  1.5
Polearms       | 1 |  1.5
Staves         | 1 |  1.5
Slings         | 1 |  1.5
Bows           | 1 |  1.5
Crossbows      | 1 |  1.5
Throwing       | 1 |  1.5
Armour         | 1 |  1.5
Shields        | 1 |  1.5
Unarmed Combat | 1 |  1.5
Evocations     | 1 |  1.5
Conjurations   | 1 |  1.2
Hexes          | 1 |  1.2
Summonings     | 1 |  1.2
Necromancy     | 1 |  1.2
Translocations | 1 |  1.2
Transmutations | 1 |  1.2
Fire Magic     | 1 |  1.2
Air Magic      | 1 |  1.2
Earth Magic    | 1 |  1.2
Poison Magic   | 1 |  1.2
Dodging        | |  4.8
Stealth        | |  4.4
Ice Magic      | |  7.2

Action                   |  1- 3 |  4- 6 || total
-------------------------+-------+-------++-------
Melee: Unarmed           |     8 |     3 ||    11
       Whip              |       |     9 ||     9
 Cast: Freeze            |    19 |    58 ||    77
       Frozen Ramparts   |     3 |     2 ||     5
       Ozocubu's Armour  |     1 |     1 ||     2
Armor: Robe              |     7 |    17 ||    24
Dodge: Dodged            |    20 |    37 ||    57
